Map: Radhuset Station LE

Players

SubN

  • Race: Zerg Zerg
  • League: Diamond
  • Spawn Location: 1:00

Charmanderp - Winner!

  • Race: Terran Terran
  • League: Diamond
  • Spawn Location: 7:00

VOD

Have the link to the VOD?

Description

Time

  • Played on: Dec. 21, 2023, 7:40 p.m.
  • Length: 18:42
Show
View Real Time Build Order
Export as new Build Order

SubN Zerg 

Build Orders: Hatch First 

Get SALT Encoding   

  12  0:00  Drone  
  13  0:12  Overlord  
  13  0:18  Drone  
  14  0:30  Drone x2  
  16  0:50  Hatchery  
  16  0:53  Drone  
  16  0:55  Drone  
  17  0:59  Drone  
  17  1:03  Extractor  
  17  1:16  Spawning Pool  
  16  1:19  Drone  
  17  1:26  Drone  
  17  1:28  Drone  
  19  1:38  Drone  
  20  1:49  Overlord  
  20  2:05  Drone x2, Queen x2  
  26  2:11  Metabolic Boost  
  26  2:15  Drone  
  27  2:19  Drone  
  28  2:31  Drone x2  
  28  2:36  Drone x2  
  32  2:45  Queen  
  34  2:52  Lair  
  34  2:53  Overlord  
  34  3:01  Drone x2  
  36  3:08  Overlord  
  36  3:15  Overlord  
  36  3:18  Drone x3  
  39  3:30  Drone x2  
  39  3:31  Drone x2  
  39  3:33  Queen  
  45  3:41  Hatchery  
  44  3:53  Drone x4  
  48  3:56  Extractor  
  48  3:57  Extractor  
  48  4:01  Roach Warren  
  45  4:02  Evolution Chamber  
  45  4:07  Evolution Chamber  
  43  4:12  Queen  
  43  4:15  Drone x5  
  50  4:19  Drone  
  51  4:24  Drone  
  51  4:27  Overlord  
  52  4:37  Overseer  
  52  4:44  Zerg Melee Weapons Level 1, Zerg Missile Weapons Level 1  
  52  4:50  Roach x4  
  52  4:51  Roach  
  62  5:05  Queen  
  64  5:07  Drone x7  
  64  5:12  Hydralisk Den  
  64  5:13  Drone x2  
  64  5:14  Infestation Pit  
  71  5:35  Glial Reconstitution  
  71  5:40  Drone x3  
  74  5:43  Overlord x2  
  74  5:44  Overlord x2  
  74  5:45  Extractor  
  74  5:47  Muscular Augments  
  73  5:51  Drone  
  73  5:52  Baneling Nest  
  73  5:54  Extractor  
  72  6:00  Drone x2  
  74  6:05  Hive  
  74  6:21  Drone x4  
  74  6:22  Drone x9  
  87  6:28  Extractor  
  87  6:31  Overlord  
  86  6:34  Overseer  
  86  6:39  Overseer  
  86  6:41  Overlord  
  86  6:43  Overlord x2  
  86  6:46  Zerg Missile Weapons Level 2  
  86  6:47  Zerg Ground Armor Level 1  
  86  6:51  Grooved Spines  
  86  6:55  Drone  
  86  6:56  Centrifugal Hooks  
  86  6:57  Overlord x2  
  86  7:01  Hydralisk x3  
  93  7:20  Overlord x2  
  93  7:21  Overlord  
  93  7:31  Drone  
  94  7:39  Overseer  
  94  7:43  Hydralisk  
  94  7:44  Hydralisk x12  
  96  7:47  Hatchery  
  119  8:11  Drone x11  
  130  8:19  Overlord x2  
  130  8:33  Viper x2  
  130  8:34  Viper x2  
  133  8:38  Overseer  
  142  8:48  Drone x7, Extractor  
  148  9:03  Zerg Missile Weapons Level 3  
  148  9:05  Zerg Ground Armor Level 2  
  148  9:10  Drone x3  
  148  9:16  Extractor  
  150  9:17  Drone x2  
  150  9:18  Queen  
  150  9:22  Drone  
  155  9:49  Spore Crawler  
  155  9:52  Spore Crawler  
  153  10:07  Spore Crawler  
  153  10:08  Overlord x2  
  153  10:09  Overlord x5  
  153  10:10  Overseer  
  152  10:24  Hatchery  
  151  10:30  Hydralisk  
  151  10:31  Hydralisk x7  
  151  10:34  Zergling x2  
  151  10:35  Zergling x38  
  187  10:53  Baneling  
  187  10:54  Baneling x19  
  187  10:55  Baneling x5  
  187  10:56  Baneling x6  
  188  10:57  Zergling x22  
  188  10:58  Zergling x4  
  200  11:10  Hatchery  
  199  11:12  Extractor  
  186  11:30  Zergling x4  
  187  11:46  Drone x2, Spore Crawler x2  
  187  11:48  Drone x2, Spore Crawler x2  
  178  12:29  Drone x3  
  181  12:30  Drone x3  
  181  12:31  Drone  
  181  12:32  Drone, Queen  
  181  12:36  Drone  
  189  12:39  Spore Crawler  
  189  12:43  Zergling x6  
  191  12:47  Hatchery  
  190  12:52  Overlord  
  189  13:08  Hatchery  
  187  13:16  Overseer x2  
  187  13:17  Overseer  
  187  13:18  Overseer  
  187  13:21  Zergling x26  
  150  13:47  Viper x3  
  137  13:50  Zergling x2  
  137  13:51  Zergling x36  
  137  13:53  Baneling  
  137  13:54  Baneling x16  
  137  13:55  Baneling x9  
  146  14:14  Queen  
  148  14:17  Infestor x3  
  148  14:21  Hydralisk  
  148  14:22  Hydralisk x13  
  182  14:25  Extractor x2  
  180  14:40  Zergling x6  
  183  14:50  Drone  
  183  14:51  Drone x2  
  181  14:55  Drone x2  
  181  14:58  Drone  
  181  15:02  Drone  
  181  15:03  Drone  
  182  15:13  Queen  
  183  15:21  Drone x3  
  186  15:22  Drone x2  
  186  15:26  Zerg Melee Weapons Level 2  
  186  15:27  Zerg Ground Armor Level 3  
  188  15:39  Ultralisk Cavern  
  136  16:04  Hydralisk x4  
  136  16:05  Hydralisk x7  
  136  16:06  Hydralisk x3  
  136  16:08  Zergling x2  
  136  16:09  Zergling x14  
  159  16:17  Queen  
  150  16:20  Drone x7  
  126  16:41  Drone x3  
  126  16:42  Drone x3  
  126  16:43  Drone x4  
  126  16:44  Queen  
  138  16:55  Ultralisk x3  
  138  16:57  Overlord x6  
  138  16:58  Overseer  
  156  17:02  Drone x2, Spore Crawler  
  156  17:06  Overlord x4, Chitinous Plating  
  157  17:38  Hatchery  
  153  18:02  Hatchery, Extractor  
  153  18:03  Extractor  
  109  18:06  Zergling x6  
  109  18:07  Zergling x42  
  129  18:24  Zergling x20  
  129  18:25  Zergling x6  
Show
View Real Time Build Order
Export as new Build Order

Charmanderp Terran - Winner!

Build Orders: Command Center First 

Get SALT Encoding   

  12  0:00  SCV  
  13  0:12  SCV  
  14  0:22  Supply Depot  
  14  0:24  SCV  
  15  0:44  SCV  
  16  1:00  Command Center  
  16  1:04  SCV  
  17  1:19  Barracks  
  17  1:33  SCV  
  17  1:38  Refinery  
  18  1:45  SCV  
  19  2:05  Orbital Command  
  19  2:13  Orbital Command  
  19  2:19  Marine  
  20  2:25  Supply Depot  
  20  2:32  SCV  
  21  2:37  Marine  
  22  2:48  Factory  
  22  2:51  SCV  
  22  2:52  SCV  
  24  2:58  Barracks  
  24  3:00  Barracks  
  24  3:03  SCV  
  24  3:04  SCV  
  26  3:10  Supply Depot  
  26  3:15  SCV  
  26  3:19  SCV  
  28  3:22  Barracks Tech Lab  
  28  3:27  SCV  
  28  3:30  Supply Depot  
  28  3:33  Hellion  
  31  3:36  SCV  
  31  3:40  SCV  
  33  3:44  Refinery  
  33  3:48  SCV  
  34  3:52  SCV  
  34  3:53  Barracks Reactor  
  34  3:54  Barracks Reactor  
  35  4:00  Refinery, SCV  
  36  4:13  Hellion  
  38  4:24  SCV x2  
  40  4:32  Marine x3  
  40  4:33  Marine x2  
  40  4:34  Starport  
  40  4:36  SCV  
  46  4:50  Marine, SCV  
  46  4:52  SCV  
  49  5:02  Marine, SCV  
  49  5:03  Marine x2  
  49  5:04  Supply Depot, SCV  
  49  5:05  Engineering Bay  
  54  5:07  Factory Reactor  
  54  5:23  Factory Tech Lab  
  54  5:25  SCV  
  54  5:26  Viking  
  57  5:32  Supply Depot  
  57  5:33  Marine x4  
  57  5:34  Supply Depot  
  57  5:35  Stimpack  
  61  5:38  Supply Depot x2  
  61  5:53  Siege Tank  
  61  5:54  Marauder  
  61  5:56  Marine x3, Medivac  
  71  6:02  Supply Depot  
  71  6:15  Marauder  
  73  6:26  Siege Tank  
  73  6:27  Command Center  
  76  6:36  Marauder  
  78  6:42  Marine x3  
  78  6:44  Terran Infantry Weapons Level 1  
  81  6:47  Starport Reactor  
  81  6:48  Barracks  
  81  6:51  Barracks  
  81  6:53  Barracks  
  81  6:56  SCV x2  
  81  6:58  Marauder  
  81  6:59  Supply Depot  
  85  7:08  SCV x2  
  87  7:14  Marine x2  
  87  7:15  Marine  
  90  7:19  Marauder  
  90  7:20  SCV  
  91  7:34  Siege Tank  
  94  7:38  Supply Depot  
  94  7:39  Supply Depot  
  94  7:41  Marauder  
  94  7:43  Combat Shield  
  96  7:56  Command Center  
  96  7:58  Medivac x2  
  98  8:00  Barracks Tech Lab  
  98  8:03  Barracks Tech Lab  
  100  8:07  Factory  
  100  8:12  Engineering Bay, Armory  
  100  8:22  Marine x3  
  100  8:23  Marauder, Marine x2  
  107  8:28  Medivac x2  
  107  8:34  SCV x2  
  113  8:36  Orbital Command  
  113  8:37  Refinery  
  113  8:46  SCV x2  
  115  8:49  Terran Infantry Armor Level 1  
  115  8:54  Factory Tech Lab  
  115  8:55  Supply Depot  
  115  8:58  SCV x2  
  117  9:10  Marine x2, SCV x2  
  117  9:11  Marauder, Marine x4  
  117  9:12  Marauder  
  129  9:22  SCV  
  130  9:29  Siege Tank  
  130  9:30  Siege Tank  
  136  9:32  Terran Infantry Weapons Level 2  
  136  9:39  Refinery  
  136  9:41  Refinery  
  136  9:51  Marine x3  
  136  9:52  Marine x5  
  144  10:01  Siege Tank, Medivac  
  149  10:09  Marine x3  
  152  10:28  Marine  
  152  10:29  Marauder x2, Marine x4  
  152  10:30  Siege Tank  
  152  10:32  Terran Vehicle Weapons Level 1  
  163  10:51  Marine  
  163  10:56  Supply Depot x2  
  164  10:57  Supply Depot, Planetary Fortress  
  164  10:59  Marauder x3, Marine x2  
  172  11:15  Marine  
  172  11:16  Marine x2  
  141  11:48  Marauder x2, Marine x5  
  141  11:49  Marauder, Siege Tank x2  
  154  12:04  Medivac x2  
  154  12:05  Marine  
  154  12:06  Marine x2  
  161  12:10  Marauder x2  
  155  12:25  SCV x2  
  155  12:26  SCV  
  155  12:27  Terran Infantry Armor Level 2, Terran Infantry Weapons Level 3  
  155  12:30  Terran Vehicle Weapons Level 2  
  155  12:37  SCV  
  155  12:38  SCV x2  
  155  12:39  Marine  
  155  12:40  Marauder x3, Marine x4  
  155  12:41  Siege Tank x2  
  175  12:50  SCV x2  
  177  12:56  Medivac x2  
  177  12:57  Marine, SCV  
  183  13:01  Marauder  
  183  13:02  SCV x2  
  187  13:09  Marauder, Marine x4  
  187  13:10  Marauder  
  193  13:15  Marine  
  193  13:22  Marauder  
  193  13:27  Marine  
  195  13:33  Marine x2  
  196  13:37  Marauder x2, Marine  
  196  13:38  Marine  
  185  13:47  Marine  
  185  13:48  Marauder  
  175  13:51  Marine x2  
  175  13:54  Marine  
  178  13:56  Marine  
  178  13:57  Medivac x2  
  178  13:58  Siege Tank x2  
  178  13:59  Marauder x2, SCV x2  
  178  14:00  SCV  
  196  14:19  Refinery  
  196  14:20  Missile Turret  
  196  14:21  Refinery  
  196  14:36  Sensor Tower  
  196  14:40  Supply Depot  
  196  14:45  Marauder x2, SCV x2  
  196  14:46  Terran Vehicle And Ship Armor Level 1  
  196  14:53  Marine  
  196  14:56  Marine  
  196  15:02  Marauder, Marine, SCV  
  196  15:05  Marine  
  196  15:06  SCV  
  200  15:14  Marine  
  199  15:56  Medivac x2  
  181  16:08  Marine x4  
  181  16:09  Marauder x2, Marine x2  
  181  16:11  Widow Mine x2  
  187  16:16  Command Center  
  186  16:26  Marine x3  
  189  16:34  Marine  
  189  16:35  Medivac  
  189  16:36  Widow Mine  
  189  16:37  Medivac  
  189  16:38  Marauder x2, Widow Mine  
  187  16:45  Marine x2  
  189  16:49  Supply Depot  
  189  16:51  Supply Depot, Marine x3  
  189  16:52  Marine  
  193  16:57  Widow Mine  
  193  16:58  Marine x2  
  197  17:10  Marine  
  197  17:12  Command Center  
  198  17:16  Widow Mine  
  200  17:23  Command Center  
  200  17:33  Planetary Fortress  
  198  17:37  Refinery  
  198  17:41  Siege Tank  
  195  18:04  Marine x2  
  195  18:05  Marauder  
  180  18:08  Marine  
  180  18:09  Marauder x2, Marine x2  
Tags
 
Add a new tag
Caveats
  • Supply blocks, unpowered buildings, or Contaminate may cause inaccurate times.
  • Supply counts are checked every 10 seconds.